 Dungeon Crawl Stone Soup version 0.31-a0-221-gbddc013574 (webtiles) character file.

Game seed: 8270674070074305750

242 qw the Chopper (level 6, 0/38 HPs)
             Began as a Gargoyle Fighter on July 3, 2023.
             Splashed by a jelly's acid (10 damage)
             ... on level 3 of the Dungeon.
             The game lasted 00:01:15 (2265 turns).

qw the Chopper (Gargoyle Fighter)                   Turns: 2265, Time: 00:01:15

Health: 0/38       AC:  3    Str: 22    XL:     6   Next: 9%
Magic:  6/6        EV:  9    Int:  8    God:
Gold:   123        SH:  4    Dex:  9    Spells: 5/5 levels left

rFire   . . .        Y - +0 war axe
rCold   . . .        c - +0 buckler
rNeg    + . .        b - +0 scale mail
rPois   inf          (no helmet)
rElec   +            (no cloak)
rCorr   .            (no gloves)
SInv    .            (no boots)
Will    .....        f - amulet of the acrobat Stlth
                     (no ring)
HPRegen 0.26/turn    (no ring)
MPRegen 0.10/turn

%: acrobat
@: corroded
A: sickness immunity, AC +4, negative energy resistance 1, electricity
resistance, torment resistance 1, petrification resistance
a: no special abilities


You were on level 3 of the Dungeon.
You visited 1 branch of the dungeon, and saw 3 of its levels.

You collected 123 gold pieces.


Innate Abilities, Weirdness & Mutations

You are immune to sickness and miasma.
Your stone body is resilient. (AC +4)
You are immune to poison.
You resist negative energy. (rN+)
You are resistant to electric shocks. (rElec)
You are resistant to unholy torment.
You are immune to petrification.


   Skills:
 - Level 4.0 Fighting
 + Level 5.1 Axes
 - Level 3.2 Armour
 - Level 1.0 Dodging
 - Level 3.2 Shields


You had 5 spell levels left.
You didn't know any spells.
Your spell library was empty.

Inventory:

Hand Weapons
 h - a +0 whip
 Y - a +0 war axe (weapon)
Armour
 b - a +0 scale mail (worn)
 c - a +0 buckler (worn)
 j - a +1 leather armour of fire resistance
 o - a +0 helmet
Jewellery
 f - an amulet of the acrobat (around neck)
Scrolls
 a - 2 scrolls of identify
 g - a scroll of fog {unknown}
 l - a scroll of butterflies {unknown}
 m - a scroll of immolation {unknown}
Potions
 d - 3 potions of might
 e - a potion of haste
 i - a potion of enlightenment
 k - a potion of brilliance {unknown}
 n - a potion of ambrosia {unknown}

Dungeon Overview and Level Annotations

Branches:
Dungeon (3/15)

Altars:

Shops:
D:1 (

Annotations:
D:3 3 runed translucent doors, qw's ghost, amateur GrHs


Message History

Enter note: The endoplasm hits the fungus.
The fungus begins to die.
The jelly hits the fungus.
The fungus is splashed with acid.
The acid corrodes the fungus!
The endoplasm hits the fungus.
The fungus begins to die.
The jelly hits the fungus.
The fungus is splashed with acid!
The acid corrodes the fungus!
The endoplasm hits the fungus.
You slash the endoplasm!
You kill the endoplasm!
You slash the toadstool!
You destroy the toadstool!
The jelly hits the fungus.
The fungus is splashed with acid.
The endoplasm hits the fungus.
A nearby fungus withers and dies.
You hit the jelly.
Your hands burn!
The jelly is lightly wounded.
You slash the endoplasm!
You kill the endoplasm!
You hit the endoplasm.
A nearby fungus withers and dies.
You block the jelly's attack. The endoplasm freezes you.
You are frozen.
The jelly barely misses you.
The jelly hits the fungus.
The fungus begins to die.
The fungus is splashed with acid.
You block the endoplasm's attack.
You completely miss the endoplasm.
The endoplasm is almost dead.
You slash the jelly!
Your hands burn!
You hit the jelly.
Your hands burn!
The jelly hits you but does no damage. You block the endoplasm's attack.
The jelly closely misses you.
You slash the endoplasm!
You kill the endoplasm!
You slash the jelly!
Your hands burn!
You hit the jelly.
Your hands burn!
The jelly closely misses you.
The endoplasm hits the fungus.
The jelly hits you but does no damage.
You hit the jelly but do no damage. The acid corrodes you!
Your hands burn!
The jelly is almost dead.
You hit the jelly.
Your hands burn!
The jelly hits you but does no damage. You block the jelly's attack.
The jelly hits you. The acid corrodes you!
You are splashed with acid!
You die...

#.######....##.......#
#.#..#.# #<...##.......#
#.####.# #.#..##.......#
#.# #.# #.#..##.......#
#.####.# #.#.###....####
#.##.... #.#.#
#....'..###.##.... #.#
########.##.##.[.. #.#
##.....)###.##.... #.#
#@####### #.##....
#.JJJ..... #.##....
#.PJP...P. #.##....
#..%...%P. #.....>.
#.%.P.P.P. #..#####
#.P.P.%... #..# #
#%..P...P! #..#####
########## #.......
.....##############.#####


You could see 3 jellies and an endoplasm.

Vanquished Creatures
  Terence (D:2)
  Natasha (twice) (D:3)
  4 gnolls (D:2)
  3 adders
  A worm (D:3)
  4 dart slugs
  7 ball pythons
  7 bats
  11 endoplasms
  5 giant cockroaches
  4 goblins
  11 hobgoblins
  3 jackals (D:1)
  9 kobolds
  3 quokkas
  4 frilled lizards
  8 rats
87 creatures vanquished.

Notes
Turn   | Place    | Note
-------+----------+-------------------------------------------
     0 | D:1      | qw the Gargoyle Fighter began the quest for the Orb.
     0 | D:1      | Reached XP level 1. HP: 14/14 MP: 1/1
     0 | D:1      | 0 ||| qw: Version: 0.3-a-40-ge99b1a8
     0 | D:1      | 0 ||| qw: Game counter: 541
     0 | D:1      | 0 ||| qw: Melee chars always use a shield: true
     0 | D:1      | 0 ||| qw: God list: Okawaru
     0 | D:1      | 0 ||| qw: Allow faded altars: false
     0 | D:1      | 0 ||| qw: Do Orc after clearing Dungeon:15 true
     0 | D:1      | 0 ||| qw: Do second Lair branch before Depths: true
     0 | D:1      | 0 ||| qw: Lair rune preference: random
     0 | D:1      | 0 ||| qw: Goals: Normal, Zot:1-4, Slime:5, God:TSO, Crypt,
                  | Tomb, Abyss, Pan, Hells, Win
     0 | D:1      | 0 ||| PLANNING D:1-11
    29 | D:1      | 29 ||| Stepping ~*~*~tactically~*~*~ (hiding).
    32 | D:1      | Reached skill level 2 in Axes
   101 | D:1      | Reached XP level 2. HP: 19/19 MP: 2/2
   109 | D:1      | 109 ||| Stepping ~*~*~tactically~*~*~ (stealth).
   238 | D:1      | 238 ||| Stepping ~*~*~tactically~*~*~ (stealth).
   240 | D:1      | 240 ||| Stepping ~*~*~tactically~*~*~ (stealth).
   242 | D:1      | 242 ||| Stepping ~*~*~tactically~*~*~ (stealth).
   244 | D:1      | 244 ||| Stepping ~*~*~tactically~*~*~ (stealth).
   246 | D:1      | 246 ||| Stepping ~*~*~tactically~*~*~ (stealth).
   248 | D:1      | Found Pupsux's Weapon Boutique.
   252 | D:1      | 252 ||| FLEEEEING.
   269 | D:1      | 269 ||| SHOPLISTING +0 mace (30 gold, have 27).
   431 | D:1      | Reached skill level 3 in Axes
   488 | D:1      | Reached XP level 3. HP: 23/23 MP: 3/3
   519 | D:1      | 519 ||| Stepping ~*~*~tactically~*~*~ (stealth).
   522 | D:1      | 522 ||| Stepping ~*~*~tactically~*~*~ (stealth).
   681 | D:1      | 681 ||| UPGRADING to amulet of the acrobat.
   686 | D:1      | 686 ||| READING 2 scrolls labelled SEOSTR CALEUCALY.
   687 | D:1      | 687 ||| READING scroll labelled DEAQYV TIGIRAS.
   688 | D:1      | 688 ||| DRINKING 2 smoky yellow potions.
   827 | D:2      | Found a faded altar of an unknown god.
   862 | D:2      | 862 ||| Stepping ~*~*~tactically~*~*~ (hiding).
   872 | D:2      | Reached XP level 4. HP: 28/28 MP: 4/4
   898 | D:2      | 898 ||| Stepping ~*~*~tactically~*~*~ (hiding).
   905 | D:2      | Reached skill level 4 in Axes
  1079 | D:2      | 1079 ||| Stepping ~*~*~tactically~*~*~ (stealth).
  1080 | D:2      | 1080 ||| Stepping ~*~*~tactically~*~*~ (stealth).
  1081 | D:2      | 1081 ||| Stepping ~*~*~tactically~*~*~ (stealth).
  1082 | D:2      | 1082 ||| Stepping ~*~*~tactically~*~*~ (stealth).
  1083 | D:2      | 1083 ||| Stepping ~*~*~tactically~*~*~ (stealth).
  1397 | D:2      | 1397 ||| Stepping ~*~*~tactically~*~*~ (hiding).
  1513 | D:2      | Noticed Terence
  1518 | D:2      | Killed Terence
  1519 | D:2      | Reached XP level 5. HP: 27/32 MP: 5/5
  1569 | D:2      | 1569 ||| DRINKING 2 coppery potions.
  1679 | D:3      | Noticed Natasha
  1693 | D:3      | Killed Natasha
  1694 | D:3      | Reached skill level 5 in Axes
  1699 | D:3      | Noticed Natasha
  1704 | D:3      | Killed Natasha
  1964 | D:3      | Reached XP level 6. HP: 38/38 MP: 6/6
  1975 | D:3      | Found a runed translucent gate.
  1975 | D:3      | Found a runed translucent gate.
  1975 | D:3      | Found a runed translucent gate.
  1975 | D:3      | Noticed qw's ghost (amateur GrHs)
  2166 | D:3      | 2166 ||| Stepping ~*~*~tactically~*~*~ (hiding).
  2173 | D:3      | 2173 ||| Stepping ~*~*~tactically~*~*~ (hiding).
  2174 | D:3      | 2174 ||| Stepping ~*~*~tactically~*~*~ (hiding).
  2224 | D:3      | Reached skill level 1 in Dodging
  2265 | D:3      | Splashed by a jelly's acid

Levels and vault maps discovered:
D:1:      lemuel_arrival_hallway, layout_rooms, serial_shops,
          nicolae_lakefront_shop, st_stairs_13, hangedman_decor_points
D:2:      layout_loops_ring, shapermc_ecumenical_altar_mp_ritualfount,
          serial_park_tiny_1, small_statue_intersection, lightli_corner_chamber,
          uniq_terence
D:3:      cheibrodos_fertilizer, layout_basic, gammafunk_ghost_necromancy,
          small_statue_intersection, uniq_natasha

Skill      XL: |  1  2  3  4  5  6 |
---------------+-------------------+-----
Axes           | 2 3 4 5 |  5.1
Fighting       | 4 |  4.0
Dodging        | 1 |  1.0
Armour         | |  3.2
Shields        | |  3.2

Action                     |  1- 3 |  4- 6 || total
---------------------------+-------+-------++-------
  Melee: War axe           |   111 |    87 ||   198
  Throw: Boomerang         |    14 |    34 ||    48
    Use: Scroll            |     2 |       ||     2
         Potion            |     1 |     1 ||     2
 Armour: Scale mail        |    58 |    56 ||   114
  Dodge: Dodged            |    58 |    59 ||   117
  Block: Buckler           |    27 |    20 ||    47

Table legend:
 A = Non-vault XP
 B = Vault XP
 C = Vault XP percentage of total XP
 D = Non-vault monster count
 E = Vault monster count
 F = Vault count percentage of total count
                 A         B        C        D         E       F
            +---------+---------+-------+---------+---------+-------
      Total |     251 |      96 |  27.7 |      70 |      17 |  19.5
            +---------+---------+-------+---------+---------+-------
        D:1 |      49 |       4 |   7.5 |      29 |       1 |   3.3
        D:2 |     111 |      36 |  24.5 |      25 |       1 |   3.8
        D:3 |      91 |      56 |  38.1 |      16 |      15 |  48.4
            +---------+---------+-------+---------+---------+-------
